[Event "15. ročník Dobrovický rapid Tereos TTD a.s."]
[Site "Dobrovice, Czech Republic"]
[Date "2020.02.29"]
[Round "6.13"]
[White "Divis Jaroslav"]
[Black "Elias Jakub"]
[Result "1-0"]
[TimeControl "15m + 3s / tah"]
[WhiteElo "2029"]
[BlackElo "1602"]

1. e4 c5 2. Nf3 d6 3. d4 cxd4 4. Nxd4 Nf6 5. Nc3 a6 6. Bc4 e6 7. Be3 Be7 8. f3 O-O 9. Qd2 b5 10.
Bb3 Qc7 11. O-O-O Rd8 12. g4 Nc6 13. h4 Ne5 14. h5 Nc4 15. Bxc4 Qxc4 16. b3 Qc7 17. g5 Nd7 18. g6 Ne5 19.
gxh7+ Kxh7 20. Rdg1 b4 21. Na4 d5 22. f4 Nc6 23. Nxc6 Qxc6 24. Bd4 Rg8 25. exd5 exd5 26. Qd3+ f5 27.
Rg6 Qe8 28. Qg3 Bf6 29. Bxf6 gxf6 30. Nb6 Rb8 31. Nxd5 Qf7 32. Rxg8 1-0

[Event "15. ročník Dobrovický rapid Tereos TTD a.s."]
[Site "Dobrovice, Czech Republic"]
[Date "2020.02.29"]
[Round "6.14"]
[White "Jerman Richard"]
[Black "Sala Dalibor"]
[Result "1/2-1/2"]
[TimeControl "15m + 3s / tah"]
[WhiteElo "2046"]
[BlackElo "1930"]

1. e4 c5 2. Nc3 Nc6 3.
Nge2 Nf6 4. d4 cxd4 5. Nxd4 e5 6. Ndb5 d6 7. Nd5 Nxd5 8. exd5 Nb8 9. c4 Be7 10. Bd3 O-O 11. O-O a6 12.
Nc3 f5 13. f3 Nd7 14. Be3 Bg5 15.
Bf2 b6 16. b4 Bb7 17. Qc2 g6 18. Rfe1 Qe7 19. Na4 b5 20. cxb5 axb5 21. Bxb5 Bxd5 22. Bxd7 Qxd7 23. Nb6 Qf7 24.
Nxa8 Bxa8 25. Rad1 e4 26. fxe4 Bxe4 27. Qb3 d5 28. b5 f4 29. b6 f3 30. g4 Kg7 31. b7 Qf4 32. h3 Bh4 33.
Qe3 Bxf2+ 34. Qxf2 Rb8 35. Qh2 Qxh2+ 36. Kxh2 Rxb7 37. Rd2 Kf6 38. Kg3 Rc7 39. a4 Rc4 40. Ra2 Ke5 41. a5 d4 42. a6 d3 43. Rxe4+ Kxe4 44.
a7 Rc8 45. a8=Q+ Rxa8 46. Rxa8 d2 47.
Rd8 Ke3 48. Re8+ Kd3 49. Rd8+ Ke2 50. Rxd2+ Kxd2 51. Kxf3 Kd3 52. Kf4 Kd4 53. Kg5 Ke5 54. Kh6 Kf6 55. Kxh7 Kf7 56. Kh6 Kf6 57. h4 Kf7 58. Kg5 Kg7 59.
h5 gxh5 60. gxh5 Kh7 1/2-1/2

[ePGN "0.1;DGT LiveChess/2.2.5"]

[Event "15. ročník Dobrovický rapid Tereos TTD a.s."]
[Site "Dobrovice, Czech Republic"]
[Date "2020.02.29"]
[Round "7.1"]
[White "Sorm Daniel"]
[Black "Kourousis Epaminondas"]
[Result "0-1"]
[TimeControl "15m + 3s / tah"]
[WhiteElo "2310"]
[BlackElo "2406"]

1. d4 Nf6 2. c4 e6 3. Nc3 Bb4 4. e3 O-O 5. Bd3 c5 6.
Nge2 cxd4 7. exd4 d5 8. cxd5 Nxd5 9. O-O Re8 10. Bc2 Bf8 11. Qd3 g6 12. Bb3 Nxc3 13. Nxc3 Nc6 14. Rd1 Bg7 15. d5 Nb4 16. Qf3 Nxd5 17.
Nxd5 exd5 18. Bxd5 Qf6 19. Bxb7 Qe7 20. Be4 Qf6 21. Bb7 Qe7 22. Be4 Qf6 23. Bd5 0-1

[Event "15. ročník Dobrovický rapid Tereos TTD a.s."]
[Site "Dobrovice, Czech Republic"]
[Date "2020.02.29"]
[Round "7.2"]
[White "Plat Vojtech"]
[Black "Kaderabek Jiri"]
[Result "1/2-1/2"]
[TimeControl "15m + 3s / tah"]
[WhiteElo "2553"]
[BlackElo "2105"]

1. e4 d6 2. d4 Nf6 3. Nc3 g6 4. Bc4 Bg7 5. Qe2 c6 6. a4 d5 7. exd5 cxd5 8. Bb5+ Bd7 9. Nf3 a6 10. Bxd7+ Qxd7 11. Ne5 Qe6 12.
Ra3 Nc6 13. Nxc6 Qxe2+ 14. Kxe2 bxc6 15. Rb3 Nd7 16. Be3 Rb8 17. Rxb8+ Nxb8 18. Na2 Kd7 19. Kd3 e5 20. dxe5 Bxe5 21. c3 f5 22. h3 Kd6 23.
Rd1 Nd7 24. Kc2 Rb8 25. Nb4 f4 26. Bc1 Nc5 27. Re1 Rf8 28. a5 Rf5 29. f3 Kd7 30. b3 Bc7 31. Na2 Ne6 32. b4 c5 33.
Bd2 d4 34. cxd4 Nxd4+ 35. Kd3 Nc6 36. Re4 Rd5+ 37. Ke2 cxb4 38. Bxb4 Bxa5 39. Bxa5 Rxa5 40. Nb4 Nxb4 41. Rxb4 Ra2+ 42. Kf1 Ke6 43. Rxf4 a5 44.
Kg1 h5 45. h4 Rc2 46. Kh2 Rc5 47. Rd4 Kf5 48. Kg3 Rb5 49.
Rd8 Kf6 50. Ra8 Kf5 51. Ra6 Rc5 52.
Ra8 Rb5 53. Rf8+ Ke6 54. Kh3 Rb6 55.
Ra8 Rb5 56. g4 hxg4+ 57. fxg4 Rb3+ 58. Kg2 Rb2+ 59. Kf3 Rb5 60. Kf4 Kf6 61.
g5+ Kg7 62. Ra7+ Kg8 63. Ke4 Kh8 64. Kd4 Kg8 65. Kc4 Rf5 66. Kd4 Rb5 67. Ke4 Kh8 68. Kf4 Kg8 69. Kg4 Rb4+ 70. Kg3 Rb5 71. Kf3 Kh8 72. Ke3 Kg8 73.
Kd4 Rf5 74. Ke4 1/2-1/2

[Event "15. ročník Dobrovický rapid Tereos TTD a.s."]
[Site "Dobrovice, Czech Republic"]
[Date "2020.02.29"]
[Round "7.3"]
[White "Zahorbensky Jaroslav"]
[Black "Zwardon Vojtech"]
[Result "0-1"]
[TimeControl "15m + 3s / tah"]
[WhiteElo "2105"]
[BlackElo "2460"]

1. e4 c5 2. d3 g6 3. Nf3 Bg7 4. g3 Nc6 5.
Bg2 d6 6. O-O Bg4 7. c3 Qd7 8. Be3 Bh3 9. Bxh3 Qxh3 10.
Ng5 Qd7 11. f4 Nf6 12. Kg2 h6 13. Nf3 c4 14. Na3 cxd3 15. Qxd3 O-O 16. Rae1 Qe6 17. Bg1 Qxa2 18. Qb5 Rab8 19.
e5 a6 20. Qe2 dxe5 21. fxe5 Ng4 22. e6 f5 23. Nc4 b5 24. Nb6 Nge5 25. Ra1 Qxe6 26. Rxa6 f4 27. Nd4 Nxd4 28. Bxd4 f3+ 29. Rxf3 Rxf3 30. Bxe5 Rf5 31. Nd7 Qxa6 32. Nxb8 Qb7+ 0-1

[Event "15. ročník Dobrovický rapid Tereos TTD a.s."]
[Site "Dobrovice, Czech Republic"]
[Date "2020.02.29"]
[Round "7.4"]
[White "Hosticka Frantisek"]
[Black "Sulc Jakub"]
[Result "1-0"]
[TimeControl "15m + 3s / tah"]
[WhiteElo "2106"]
[BlackElo "1754"]

1. e4 e6 2. d4 d5 3. e5 c5 4. c3 Nc6 5. Be3 Qb6 6. Qd2 f6 7. f4 Nh6 8. Nf3 Ng4 9. Bg1 Bd7 10. h3 Nh6 11. g4 Nf7 12. dxc5 Bxc5 13. Bxc5 Qxc5 14.
exf6 gxf6 15. Na3 O-O-O 16. O-O-O Ne7 17. Bg2 e5 18. fxe5 fxe5 19. Ng5 Nxg5 20. Qxg5 d4 21. Rxd4 Rdg8 22. Qxg8+ Rxg8 23. Rc4 Qxc4 24.
Nxc4 h5 25. Nxe5 hxg4 26. Nxd7 Kxd7 27. hxg4 b6 28. Bf3 Rg7 29. Kd2 Ke6 30. Ke3 Nc8 31. Rh6+ Ke5 32. Rh5+ Ke6 33. Bd5+ Kd6 34.
Bf3 Ke6 35. c4 Nd6 36. b3 Ne8 37. Bd5+ Kd6 38. Kf4 Nf6 39. Rh6 Ke7 40. g5 Nh7 41. Rh5 Kd6 42. b4 b5 43. Rh6+ Kc7 44.
Rc6+ Kd8 45. g6 Nf8 46. Kf5 Nd7 47. cxb5 Ke7 48. Re6+ Kd8 49. Bc6 1-0

[Event "15. ročník Dobrovický rapid Tereos TTD a.s."]
[Site "Dobrovice, Czech Republic"]
[Date "2020.02.29"]
[Round "7.5"]
[White "Janicek Jindrich"]
[Black "Velicka Petr"]
[Result "0-1"]
[TimeControl "15m + 3s / tah"]
[WhiteElo "2022"]
[BlackElo "2395"]

1. Nf3 d5 2. d4 Nf6 3. c4 c6 4. Nc3 a6 5.
a4 e6 6.
e3 c5 7.
Bd3 Nc6 8. O-O cxd4 9. exd4 Nb4 10.
Be2 dxc4 11. Bxc4 Be7 12. Qe2 O-O 13. Bg5 Bd7 14. Ne5 Bc6 15. Rfd1 Bd5 16. Bxf6 Bxf6 17. Nxd5 Nxd5 18. Qe4 Rc8 19. Rac1 Bg5 20.
Rc2 g6 21. g3 Rc7 22. f4 Be7 23. Rdc1 Nf6 24. Qe3 Qd6 25. Nxf7 Rxf7 26. Bxe6 Rxc2 27. Rxc2 Kg7 28. Bxf7 Kxf7 29.
Qe5 Nd7 30. Qe4 a5 31. Re2 b6 32. h3 Bf6 33. Rd2 Qe6 34. Qxe6+ Kxe6 35. Kf2 Be7 36. Re2+ Kd6 37. Ke3 Nf6 38.
Kd3 Nd5 39. Kc4 Nc7 40. b4 axb4 41. Kxb4 Bf6 42. Kc4 Ne6 43. d5 Nc7 44. Rd2 Bd8 45. g4 Na6 46. f5 Nc5 47. fxg6 hxg6 48.
Re2 g5 49. Kb5 Bf6 50. a5 bxa5 51. Rf2 Be5 52. Rc2 Nb3 53. Rc6+ Kxd5 54. Rg6 Nd4+ 55. Kxa5 Nf3 56. Rxg5 Nxg5 57. h4 Nf3 58. g5 Nxh4 59. Kb6 Bf4 60. g6 Nxg6 0-1

[Event "15. ročník Dobrovický rapid Tereos TTD a.s."]
[Site "Dobrovice, Czech Republic"]
[Date "2020.02.29"]
[Round "7.6"]
[White "Suran Jan"]
[Black "Divis Jaroslav"]
[Result "1-0"]
[TimeControl "15m + 3s / tah"]
[WhiteElo "2335"]
[BlackElo "2029"]

1. e4 e5 2. Nf3 Nc6 3. Bb5 Bc5 4. c3 d6 5. d4 exd4 6. cxd4 Bb4+ 7. Nc3 Bd7 8. O-O Nf6 9. Bg5 h6 10. Bxf6 gxf6 11. Nd5 Ba5 12. b4 Nxb4 13.
Bxd7+ Kxd7 14. Nxb4 Bxb4 15. Qa4+ c6 16. Qxb4 1-0

[Event "15. ročník Dobrovický rapid Tereos TTD a.s."]
[Site "Dobrovice, Czech Republic"]
[Date "2020.02.29"]
[Round "7.7"]
[White "Vranova Zdenka"]
[Black "Burdalev Kirill"]
[Result "0-1"]
[TimeControl "15m + 3s / tah"]
[WhiteElo "1970"]
[BlackElo "2334"]

1. e4 Nf6 2. e5 Nd5 3. d4 d6 4. exd6 exd6 5. Nf3 Be7 6. Bd3 Bg4 7. c3 Nc6 8. Be4 Nf6 9. Bc2 O-O 10.
O-O d5 11. Bg5 h6 12. Bh4 g5 13. Bg3 Ne4 14. Nbd2 f5 15. Be5 Nxd2 16. Qxd2 Bxf3 17. gxf3 Bd6 18. f4 Bxe5 19. fxe5 Qe7 20. Kh1 Nd8 21.
Rg1 Ne6 22. Qe2 Qf7 23. Qe3 Kh8 24. Rae1 Rg8 25. Qh3 Kg7 26. Bxf5 Nf4 27. Qg4 Kf8 28. Bc2 Ke7 29. Re3 Raf8 30. Qd1 h5 31. Reg3 g4 32.
f3 Nh3 33. Rf1 h4 34. Rg2 g3 35. Qe2 Nf4 36. Qd2 Nxg2 37. Kxg2 h3+ 38. Kg1 gxh2+ 39. Kh1 Rg1+ 40. Rxg1 hxg1=Q+ 41. Kxg1 Rg8+ 42. Kf1 Qxf3+ 43. Qf2 Qxf2+ 44. Kxf2 h2 0-1

[Event "15. ročník Dobrovický rapid Tereos TTD a.s."]
[Site "Dobrovice, Czech Republic"]
[Date "2020.02.29"]
[Round "7.8"]
[White "Szeko Ludovit"]
[Black "Postupa Pavel ml."]
[Result "0-1"]
[TimeControl "15m + 3s / tah"]
[WhiteElo "2051"]
[BlackElo "2164"]

1. e4 c5 2. Nf3 d6 3. d4 cxd4 4. c3 dxc3 5.
Nxc3 Nc6 6. Bc4 e6 7. O-O Nf6 8. Qe2 a6 9. Rd1 Qc7 10. Bf4 Ne5 11. Bb3 Be7 12. Rac1 Qb8 13. Bg3 O-O 14.
Nd4 Bd7 15. a4 Rd8 16. Kh1 Nc6 17. f4 Nxd4 18. Rxd4 Be8 19. Rcd1 Qc7 20. Bc2 e5 21. Rc4 Qb6 22. a5 Qxa5 23.
Nd5 Nxd5 24. Rxd5 Bb5 25. Qd1 Qb6 26. Rb4 Rac8 27. Bd3 Qe3 28. Bc2 exf4 29. Rb3 Qe2 30. Bxf4 Rxc2 31. Qd2
Rxd2 0-1

[Event "15. ročník Dobrovický rapid Tereos TTD a.s."]
[Site "Dobrovice, Czech Republic"]
[Date "2020.02.29"]
[Round "7.9"]
[White "Groh Jiri"]
[Black "Kykal Vojtech"]
[Result "1-0"]
[TimeControl "15m + 3s / tah"]
[WhiteElo "2031"]
[BlackElo "1955"]

1. Nf3 d5 2. c4 c6 3. d4 Nf6 4.
Bf4 e6 5. e3 Bd6 6. Bxd6 Qxd6 7. Be2 O-O 8. O-O a6 9. Nc3 b5 10. cxd5 cxd5 11. a3 Nbd7 12. Qc2 Bb7 13. Rac1 Rac8 14. Qd3 Nb6 15. Ne5 Nfd7 16.
f4 Nc4 17. Nxc4 dxc4 18. Qd1 Nb6 19. Bf3 Bd5 20. e4 Ba8 21. e5 Qd7 22. Rc2 Rfd8 23. Rd2 Bxf3 24. Rxf3 Nd5 25. Ne4 Qa7 26. Qe1 Ne7 27. Nd6 Rc7 28.
Qh4 Rcd7 29. Rh3 h6 30. Qh5 Nf5 31. Nxf5 exf5 32. e6 Rxd4 33. Qxf7+ Qxf7 34. exf7+ Kxf7 35. Re2 Rd2 36. Rhe3 R8d7 37. Kf2 R2d3 38. Re5 g6 39.
a4 b4 40. Rc5 c3 41. bxc3 bxc3 42. Ke1 R7d5 43. Rc7+ Rd7 44. Rc6 R7d6 45. Rc7+ Kf6 46. h3 Re6 47. Rxe6+ Kxe6 48. Rc6+ Rd6 49. Rxc3 Rd4 50. Rc6+ Rd6 51. Rc4 Kd5 52. Rb4 Kc5 53.
Rb8 Rb6 54. Rg8 Kb4 55. g4 fxg4 56. hxg4 Kxa4 57. Rh8 g5 58. f5 Kb4 59. Rg8 Kc5 60. Rg6 Rd6 61. f6 Rd7 62. Rxh6 a5 63. Rg6 Kd6 64. Rxg5 a4 65.
Ra5 Ke6 66. g5 Kf7 67. Rxa4 Kg6 68. Ra5 Rd4 69. Ke2 Rf4 70. Ke3 Rf1 71. Ke4 Re1+ 72. Kf4 Re6 73. Ra7 Re1 74. Rg7+ Kh5 75. Rh7+ Kg6 76. Rg7+ Kh5 77.
Kf5 Rf1+ 78. Ke6 Re1+ 79. Kf7 Kg4 80. g6 Kf5 81. Rg8 Re6 82. g7 Rxf6+ 83. Ke7 Kg6 84. Rf8 Rd6 1-0

[Event "15. ročník Dobrovický rapid Tereos TTD a.s."]
[Site "Dobrovice, Czech Republic"]
[Date "2020.02.29"]
[Round "7.10"]
[White "Vavrinec Tomas"]
[Black "Lasek Frantisek"]
[Result "1/2-1/2"]
[TimeControl "15m + 3s / tah"]
[WhiteElo "2025"]
[BlackElo "1932"]

1. c4 f5 2. Nc3 Nf6 3. Nf3 e6 4. g3 d5 5. cxd5 exd5 6. Bg2 Bd6 7. Qb3 c6 8. O-O Qb6 9. d3 Qxb3 10.
axb3 O-O 11. Be3 Na6 12. Rfc1 Bd7 13. Na4 Rfe8 14. Kf1 Ng4 15. Bd4 Ne5 16. Nc5 Nxc5 17. Bxc5 Nxf3 18. Bxf3 Bxc5 19.
Rxc5 a6 20. Rca5 Rad8 21. b4 Kf7 22. Rc5 Kf6 23. h4 h6 24. e3 g5 25. hxg5+ hxg5 26. Kg2 Rh8 27. Rcc1 Rh6 28. Rh1 Rdh8 29.
d4 Rxh1 30. Rxh1 Rxh1 31. Kxh1 Ke6 32.
Be2 Kd6 33. Kg1 Kc7 34. Kf1 Kb6 35. Ke1 a5 36. bxa5+ Kxa5 37. Kd2 Kb4 38. Kc2 b6 39. Bd3 c5 40. f3 c4 41. Bf1 Ba4+ 42. Kc1 Bd7 43. Bg2 Be6 44.
Kc2 b5 45. e4 1/2-1/2

[Event "15. ročník Dobrovický rapid Tereos TTD a.s."]
[Site "Dobrovice, Czech Republic"]
[Date "2020.02.29"]
[Round "7.11"]
[White "Joukl Zdenek"]
[Black "Kopecky Jiri"]
[Result "1-0"]
[TimeControl "15m + 3s / tah"]
[WhiteElo "2022"]
[BlackElo "1927"]

1. d4 Nf6 2. Nf3 g6 3. Bf4 d6 4. Nbd2 Bg7 5. e3 Nbd7 6. a4 a5 7. Nc4 b6 8. h3 Bb7 9. Be2 O-O 10.
O-O Re8 11. Bh2 Bf8 12. c3 Qc8 13. b4 axb4 14. cxb4 Ba6 15. Qb3 d5 16. b5 dxc4 17. Bxc4 Bb7 18. Bxf7+ Kg7 19. Rfc1 Bxf3 20. gxf3 Qb7 21. Bxe8 Rxe8 22. e4 Rc8 23. d5 Nc5 24. Qc3 Kg8 25.
Be5 Bg7 26. Bd4 Ncd7 27. Ra2 Nxd5 28. exd5 Qxd5 29. Qc4 Qxc4 30. Rxc4 Bxd4 31. Rxd4 Nc5 32. Rc4 Kf7 33. a5 Ke6 34. a6 Kd5 35. Rh4 h5 36. Rf4 c6 37. Rd2+ Ke6 38. Re2+ Kd6 39. Rd4+ Kc7 40.
Rxe7+ Kb8 41. Rg7 cxb5 42. Rxg6 Ka7 43. Rdd6 Rb8 44. Rh6 Kxa6 45. Rxh5 b4 46.
Rxc5 1-0

[Event "15. ročník Dobrovický rapid Tereos TTD a.s."]
[Site "Dobrovice, Czech Republic"]
[Date "2020.02.29"]
[Round "7.12"]
[White "Stursa Jan"]
[Black "Spirek Adam"]
[Result "1-0"]
[TimeControl "15m + 3s / tah"]
[WhiteElo "1943"]
[BlackElo "2015"]

1. c4 e5 2. Nc3 f5 3. g3 Nf6 4. Bg2 d6 5. d3 c6 6. Nf3 Be7 7. O-O O-O 8. c5 Na6 9. cxd6 Qxd6 10.
a3 Kh8 11. b4 Nc7 12. Bb2 Be6 13. Rc1 a5 14. Na4 axb4 15. Bxe5 Qd8 16. axb4 Bxb4 17. Nd4 Bg8 18. Rb1 c5 19.
Nxf5 Ncd5 20. e4 Nb6 21. Nxb6 Qxb6 22. d4 Rfd8 23. d5 Re8 24. Bc3 Qa5 25. Bxf6 gxf6 26. Qg4 Qc7 27. Rfc1 Ba3 28.
Rc3 c4 29. Rxc4 Qf7 30. Nd6 Bxd6 31. Rb6 Ra1+ 32. Bf1 Bb8 33. Rcb4 Qg6 34. Qxg6 hxg6 35. Rxb7 Be5 36. f4 Bc3 37.
Rc4 Bd2 38. Kg2 f5 39. Rc2 Be3 40. Rb3 Rxe4 41. Rc8 Bd4 42. Rbb8 Ra2+ 43. Kh3 Re1 44. Rxg8+ Kh7 45. Bc4 Rh1 46. Bxa2 1-0

[Event "15. ročník Dobrovický rapid Tereos TTD a.s."]
[Site "Dobrovice, Czech Republic"]
[Date "2020.02.29"]
[Round "7.13"]
[White "Pirvulescu Adrian"]
[Black "Nedoma Marek"]
[Result "0-1"]
[TimeControl "15m + 3s / tah"]
[WhiteElo "1829"]
[BlackElo "2003"]

1. e4 c5 2. Nc3 e6 3. f4 Nc6 4. Nf3 a6 5. d4 cxd4 6. Nxd4 Nge7 7. Nxc6 bxc6 8. Be3 d5 9. Bc5 Ng6 10. Bxf8 Nxf8 11.
Qd4 f6 12. O-O-O Nd7 13. Qb4 c5 14. Qa4 d4 15. Nb5 O-O 16. Nd6 Qc7 17. Nxc8 Rfxc8 18. g3 Nb6 19. Qa5 Qc6 20. Bg2 Nc4 21. Qe1 Ne3 22. Rd2 Qa4 23.
Kb1 Rab8 24. Bh3 Rb6 25. b3 Qc6 26. e5 f5 27. Rg1 a5 28. Bg2 Qc7 29. a4 Qd7 30. Ka2 c4 31. Qxe3 dxe3 32.
Rxd7 cxb3+ 33. cxb3 Rc2+ 34. Ka3 Rc3 35. Rgd1 Rcxb3+ 36. Ka2 Rb2+ 37.
Ka1 Rxg2 38. Ra7 Rb8 39. Rdd7 Rg1+ 40. Ka2 Rg2+ 41. Ka1 Rxh2 42. Rxg7+ Kh8 43. Rab7 Rxb7 44. Rxb7 e2 45. Rb8+ Kg7 46. Rb7+ Kg6 47. Rb1 Rf2 48. Ka2 0-1

[Event "15. ročník Dobrovický rapid Tereos TTD a.s."]
[Site "Dobrovice, Czech Republic"]
[Date "2020.02.29"]
[Round "7.14"]
[White "Danek Pavel"]
[Black "Pesek Radomir"]
[Result "0-1"]
[TimeControl "15m + 3s / tah"]
[WhiteElo "1844"]
[BlackElo "1999"]

1. d4 Nf6 2. Nf3 d5 3. Bg5 e6 4.
Nbd2 Be7 5. e3 O-O 6. Bd3 h6 7. Bh4 Nbd7 8.
c3 c5 9.
O-O c4 10. Bc2 b5 11. e4 dxe4 12. Nxe4 Nxe4 13. Bxe7 Qxe7 14. Bxe4 Rb8 15. Nd2 Nf6 16. Bf3 Bb7 17. a3 Rfd8 18.
Qe2 Bd5 19. Rfe1 Qb7 20. Ne4 Nxe4 21. Bxe4 a5 22. f4 b4 23. axb4 axb4 24. Bxd5 Qxd5 25. Ra7 bxc3 26. bxc3 Rb3 27.
Rc1 Rdb8 28. Rc2 Qf5 29. g3 Qd5 30. Rc7 Rb1+ 31. Kf2 Qh1 32. g4 Qg1+ 33. Kf3 Rf1+ 34. Ke4 Re1 35. f5 Rxe2+ 36. Rxe2 Qxg4+ 37. Ke3 Qxf5 38.
Rf2 Qg5+ 39. Ke4 Rf8 40. Rf4 Qg2+ 41. Ke3 Qxh2 42. Rxc4 h5 43. Rc7 h4 44. c4 g5 0-1

[ePGN "0.1;DGT LiveChess/2.2.5"]

[Event "15. Dobrovický rapid - Tereos TTD a.s. – open"]
[Site "Dobrovice, Czech Republic"]
[Date "2020.02.29"]
[Round "8.1"]
[White "Zwardon Vojtech"]
[Black "Kourousis Epaminondas"]
[Result "1-0"]
[TimeControl "15m + 3s / tah"]
[WhiteElo "2460"]
[BlackElo "2406"]

1. c4 e6 2. Nc3 Bb4 3. g3 Nf6 4. Bg2 d5 5. Nf3 O-O 6. O-O dxc4 7. Qa4 Nc6 8. a3 Bd6 9. Qxc4 e5 10. Qb3 Nd4 11. Nxd4 exd4 12.
Ne4 Nxe4 13. Bxe4 Bh3 14. Re1 Rb8 15. Qd3 f5 16. Bd5+ Kh8 17. Qxd4 Bxg3 18. hxg3 c6 19. b4 cxd5 20. Bb2 Qd7 21. Kh2 Bg4 22.
f3 Bh5 23. Rac1 Rbe8 24. Qf4 Rf7 25. Kg2 Rfe7 26. Kf2 Bg6 27. Bd4 b6 28. Rc3 Qe6 29. e3 Rc8 30. Rec1 Rc4 31. Rxc4 dxc4 32.
Rxc4 h6 33. Qxh6+ Kg8 34. Qh4 Qxc4 35. Qxe7 Qf7 36. Qd8+ Kh7 37.
Bc3 Bh5 38. Qg5 Qg6 39. Qh4 Kg8 40. a4 Qf7 41. a5 bxa5 42.
bxa5 Bg6 43. Qd4 a6 44. Qb6 Bh5 45. Qxa6 Qd5 46. Qe2 Be8 47. e4 fxe4 48. Qxe4 Qd7 49. a6 Bf7 50. Qd4 Bd5 51. a7 Qf7 52. f4 Kh7 53. g4 Ba8 54. Kg3 Qb7 55.
Qxg7+ Qxg7 56. Bxg7 Kxg7 57. f5 Kf7 58. Kf4 Bb7 59.
Ke4 1-0

[Event "15. Dobrovický rapid - Tereos TTD a.s. – open"]
[Site "Dobrovice, Czech Republic"]
[Date "2020.02.29"]
[Round "8.2"]
[White "Hosticka Frantisek"]
[Black "Plat Vojtech"]
[Result "0-1"]
[TimeControl "15m + 3s / tah"]
[WhiteElo "2106"]
[BlackElo "2553"]

1. e4 c5 2. Nf3 Nc6 3.
Bb5 g6 4. O-O Bg7 5. c3 Nf6 6.
Re1 O-O 7. d4 cxd4 8. cxd4 d5 9. e5 Ne4 10. Bxc6 bxc6 11. Nc3 Bf5 12. Nh4 Be6 13. Na4 g5 14. Nf3 f6 15. exf6 exf6 16. Nc3 Bf5 17.
Qa4 Qd7 18. Nd2 Nxc3 19. bxc3 Rfe8 20. Ba3 Bd3 21. Nb3 Rxe1+ 22. Rxe1 Re8 23. Rc1 Bb5 24. Qa5 h5 25. h3 g4 26. hxg4 Qxg4 27. Qc7 h4 28.
Na5 Bh6 29. Ra1 Bf4 0-1

[Event "15. Dobrovický rapid - Tereos TTD a.s. – open"]
[Site "Dobrovice, Czech Republic"]
[Date "2020.02.29"]
[Round "8.3"]
[White "Velicka Petr"]
[Black "Sorm Daniel"]
[Result "1-0"]
[TimeControl "15m + 3s / tah"]
[WhiteElo "2395"]
[BlackElo "2310"]

1. e4 c5 2. Nf3 Nc6 3. Bb5 d6 4. Bxc6+ bxc6 5. e5 Ba6 6. d3 c4 7. d4 e6 8. Nc3 d5 9. Ng5 h6 10. Qh5 g6 11.
Qh3 Bg7 12. Nf3 Ne7 13. Ne2 c5 14. c3 Nc6 15. O-O cxd4 16. Nexd4 Nxd4 17. Nxd4 Qd7 18. Re1 h5 19. Bg5 Rb8 20.
Re2 O-O 21. Qh4 Rb7 22. Rae1 Rfb8 23. Bc1 Bb5 24. h3 Qe7 25. Bg5 Qf8 26. Rd2 Be8 27. Ree2 Bh6 28. f4 Bxg5 29. Qxg5 Qe7 30.
Qxe7 Rxe7 31. g4 hxg4 32. hxg4 Reb7 33. g5 Kf8 34. Kf2 Ke7 35. Ke3 Ba4 36. Rh2 Be8 37. Nf3 a5 38. Kd4 a4 39. a3 Rb6 40. Ke3 R6b7 41. Rhf2 Bd7 42.
Rg2 Be8 43. Nh2 Bc6 44. Kd4 Rh8 45. Ng4 Rh4 46. Rdf2 Rb8 47. Rg1 Rbh8 48. Nf6 Rh3 49. Rd1 R8h4 50. Kc5 Be8 51. Rd4 Rd3 52. Kb4 Rxd4 53. cxd4 Rh3 54. Rc2 Rf3 55. Rh2 Rxf4 56.
Kc5 Rf5 57. Rh8 Bd7 58. Ra8 Rxg5 59.
Ra7 Rg2 60. Rxd7+ Kf8 61. Rb7 Rc2 62.
Kd6 g5 63. Rb8+ Kg7 64. Ke7 Kg6 65.
Rb4 Rd2 66. Rxa4 Rxd4 67. Ra8 Rd2 68. Rb8 d4 69. a4 d3 70. Rb4 Rxb2 71. Rxc4 d2 72. Rd4 Kf5 73. Kxf7 Kxe5 74. Rd3 Ra2 75. Kg6 d1=Q 76. Rxd1 Rxa4 77.
Nd7+ Kf4 78. Rf1+ Ke3 79. Kxg5 Ke2 80. Rb1 Ra5+ 81. Kf4 Rd5 82. Ne5 Kd2 83. Nf3+ Kc2 84. Rb8 e5+ 85. Ke3 Rd3+ 86. Ke2 Rc3 87. Ne1+ Kc1 88. Nd3+ Kc2 89. Rb2# Kd2 90. Kxd2 1-0

[Event "15. Dobrovický rapid - Tereos TTD a.s. – open"]
[Site "Dobrovice, Czech Republic"]
[Date "2020.02.29"]
[Round "8.4"]
[White "Postupa Pavel ml."]
[Black "Suran Jan"]
[Result "1/2-1/2"]
[TimeControl "15m + 3s / tah"]
[WhiteElo "2164"]
[BlackElo "2335"]

1. e4 c5 2. Nf3 e6 3. g3 Nc6 4. Bg2 Nf6 5. Qe2 e5 6. O-O Be7 7. d3 O-O 8. Nc3 d6 9. h3 Nd4 10. Nxd4 cxd4 11. Nd1 g6 12. f4 Nh5 13. Kh2 exf4 14.
gxf4 Bh4 15. Rf3 f5 16. c3 dxc3 17. Nxc3 Be6 18. Be3 Qd7 19. Bf2 fxe4 20. Qxe4 Nf6 21. Qd4 Bxf2 22. Rxf2 a6 23. Re1 Rae8 24. a3 Re7 25. Ne4 Nxe4 26. dxe4 Qc7 27. Rd1 Rd7 28. f5 d5+ 29.
e5 Rxf5 30. Rxf5 gxf5 31. Rd3 Qd8 32. Qf4 Qf8 33. Rc3 Rg7 34. Qd4 Qd8 35. Rc5 Qg5 36. Qf2 f4 37. Bxd5 Qxe5 38. Bxe6+ Qxe6 39. Qc2 Re7 40. Rc8+ Re8 41.
Qg2+ Kh8 1/2-1/2

[Event "15. Dobrovický rapid - Tereos TTD a.s. – open"]
[Site "Dobrovice, Czech Republic"]
[Date "2020.02.29"]
[Round "8.5"]
[White "Burdalev Kirill"]
[Black "Kaderabek Jiri"]
[Result "1-0"]
[TimeControl "15m + 3s / tah"]
[WhiteElo "2334"]
[BlackElo "2105"]

1. d4 Nf6 2. c4 c5 3. Nf3 cxd4 4. Nxd4 e5 5. Nb5 d5 6. cxd5 Bc5 7.
e3 O-O 8. N5c3 a6 9. Nd2 Bf5 10. Nf3 Nbd7 11. Be2 Re8 12. a3 b5 13. Nh4 Bg6 14. Nxg6 hxg6 15. e4 Bd4 16. Bf3 Rc8 17.
Ne2 Qb6 18. O-O Rc7 19. Rb1 Rec8 20. Nxd4 exd4 21. Bf4 Rc2 22. e5 Nh5 23. Bxh5 gxh5 24. Qxh5 Nc5 25. Qf5 Nb3 26. e6 fxe6 27. dxe6 d3 28. Qf7+ Kh8 29.
e7 Qc6 30. Qxb3 1-0

[Event "15. Dobrovický rapid - Tereos TTD a.s. – open"]
[Site "Dobrovice, Czech Republic"]
[Date "2020.02.29"]
[Round "8.6"]
[White "Flasar Jaroslav"]
[Black "Zahorbensky Jaroslav"]
[Result "1-0"]
[TimeControl "15m + 3s / tah"]
[WhiteElo "1969"]
[BlackElo "2105"]

1. e4 e5 2. Nf3 Nf6 3. Bc4 Nxe4 4. Nc3 Nf6 5. Nxe5 d5 6. Bb3 Be7 7. d4 O-O 8. O-O c6 9. f4 b5 10. Be3 b4 11. Ne2 Ne4 12.
c3 f6 13. Nd3 a5 14. cxb4 axb4 15. Bc2 Ba6 16. Rf3 Nd7 17. f5 Bxd3 18. Bxd3 Bd6 19. Bf4 Qc7 20. Bxd6 Qxd6 21. Nf4 Ng5 22.
Rf2 Rfe8 23. Qg4 Re3 24. h4 Ne4 25. Ne6 Qe7 26. Rf3 Rxf3 27. gxf3 Nd6 28. Kf2 Ne8 29. h5 h6 30. Re1 Qf7 31.
Bb1 Ra7 32. Nd8 Qf8 33. Qg6 Nc7 34. Nxc6 Ra8 35. Re7 Re8 36. Rxd7 Nb5 37. Qxe8 Qxe8 38. Rd8 Qxd8 39. Nxd8 Nxd4 40. Ne6 Nc6 41. Ke3 Kf7 42.
a3 bxa3 43. bxa3 Ne5 44. a4 Ke7 45. Nxg7 Kd6 46. Ne6 1-0

[Event "15. Dobrovický rapid - Tereos TTD a.s. – open"]
[Site "Dobrovice, Czech Republic"]
[Date "2020.02.29"]
[Round "8.7"]
[White "Pesek Radomir"]
[Black "Groh Jiri"]
[Result "1/2-1/2"]
[TimeControl "15m + 3s / tah"]
[WhiteElo "1999"]
[BlackElo "2031"]

1. c4 Nf6 2. Nc3 e6 3. g3 d5 4. cxd5 exd5 5. d4 Be7 6. Bg2 O-O 7. Nf3 c6 8.
O-O Bf5 9. Nh4 Be6 10. a3 Qd7 11. Bd2 Bh3 12. Nf3 Bxg2 13. Kxg2 Qf5 14. Qb3 b6 15. Rae1 Nbd7 16. Nh4 Qh5 17.
Qc2 g6 18. Nf3 Rac8 19. e4 dxe4 20. Nxe4 Nxe4 21. Rxe4 Bf6 22. Qa4 Qd5 23. Rfe1 a5 24. Bc3 c5 25. Qb5 Rfd8 26. Ne5 Nxe5 27.
dxe5 Bg7 28. Kg1 Rc6 29. R4e2 Re6 30. Rd2 Qa8 31. Rd6 Rdxd6 32. exd6 Rxe1+ 33. Bxe1 Qe4 34. Bc3 Qb1+ 35. Kg2 Qe4+ 36. Kg1 1/2-1/2

[Event "15. Dobrovický rapid - Tereos TTD a.s. – open"]
[Site "Dobrovice, Czech Republic"]
[Date "2020.02.29"]
[Round "8.8"]
[White "Sulc Jakub"]
[Black "Joukl Zdenek"]
[Result "1-0"]
[TimeControl "15m + 3s / tah"]
[WhiteElo "1754"]
[BlackElo "2022"]

1. e4 c6 2. d4 d5 3. e5 g6 4. Nf3 h5 5. h3 Nh6 6. Bd3 Bf5 7. Bxh6 Bxh6 8. Bxf5 gxf5 9.
Nbd2 e6 10. c3 Nd7 11. Qe2 Qa5 12. Nb3 Qb6 13. Nfd2 a5 14. Rb1 a4 15. Nc1 c5 16. Nf3 Bxc1 17. Rxc1 Rc8 18. O-O Ke7 19.
Qd2 Rcg8 20. Kh1 Rg7 21. c4 cxd4 22. cxd5 Rd8 23. d6+ Ke8 24. Rfe1 Qb5 25. Qxd4 Qd5 26. Qh4 f6 27. exf6 Rf7 28.
Ng5 Rxf6 29. Qxh5+ Kf8 30. Qh8# 1-0